 Dungeon Crawl Stone Soup version 0.25.0-9-g26727b657a (webtiles) character file.

Game seed: 12686334442202533491

23 Esekla the Magician (level 2, -1/16 HPs)
             Began as a Deep Elf Warper on June 20, 2020.
             Slain by an adder (3 damage)
             ... on level 2 of the Dungeon.
             The game lasted 00:04:36 (750 turns).

Esekla the Magician (Deep Elf Warper)                Turns: 750, Time: 00:04:36

Health: -1/16      AC:  1    Str:  8    XL:     2   Next: 75%
Magic:  1/8        EV: 13    Int: 17    God:
Gold:   58         SH:  0    Dex: 14    Spells: 3/7 levels left

rFire    . . .     SeeInvis .   g - +2 dagger (vamp)
rCold    . . .     Gourm    .   (no shield)
rNeg     . . .     Faith    .   (no armour)
rPois    .         Spirit   .   (no helmet)
rElec    .         Reflect  .   (no cloak)
rCorr    .         Harm     .   c - +0 pair of gloves
MR       .....                  (no boots)
Stlth    +.........             (no amulet)
HPRegen  0.05/turn              (no ring)
MPRegen  0.11/turn              (no ring)

@: very slightly contaminated
A: no striking features
a: no special abilities


You were on level 2 of the Dungeon.
You were not hungry.

You visited 1 branch of the dungeon, and saw 2 of its levels.

You collected 58 gold pieces.

Inventory:

Hand Weapons
 a - a +0 falchion
 g - a +2 vampiric dagger (weapon)
Missiles
 e - 3 boomerangs of dispersal (quivered)
Armour
 b - a +0 leather armour
 c - a +0 pair of gloves (worn)
Scrolls
 d - 3 scrolls of blinking
 h - a scroll of enchant weapon {unknown}
 i - a scroll of identify {unknown}
Comestibles
 f - 2 rations


   Skills:
 - Level 1.5 Fighting
 + Level 0.3(1.5) Short Blades
 * Level 2.3 Long Blades
 + Level 1.0 Throwing
 - Level 0.7 Armour
 * Level 3.0 Dodging
 + Level 3.3 Spellcasting
 * Level 0.8 Charms
 + Level 3.3 Translocations


You had 3 spell levels left.
You knew the following spells:

 Your Spells              Type           Power        Failure   Level  Hunger
a - Shroud of Golubria    Chrm/Tloc      #.....       11%         2    ##.....
b - Blink                 Tloc           N/A          7%          2    ##.....

Your spell library contained the following spells:

 Spells                   Type           Power        Failure   Level  Hunger
 Gell's Gravitas          Tloc           ##........   13%         3    ###....
 Lesser Beckoning         Tloc           ##........   13%         3    ###....
 Teleport Other           Tloc           ##......     13%         3    ###....
 Passage of Golubria      Tloc           N/A          41%         4    ####...


Dungeon Overview and Level Annotations

Branches:
Dungeon (2/15)

Altars:


Message History

The adder barely misses you. The adder closely misses you.
Casting: Blink (safe; 7% risk of failure)
Confirm with . or Enter, or press ? or * to list all spells.
You miscast Blink.
You are very lightly contaminated with residual magic.
Nothing appears to happen.
The adder barely misses you.
Casting: Blink (safe; 7% risk of failure)
Confirm with . or Enter, or press ? or * to list all spells.
You blink.
The hobgoblin hits you with a +0 club. The adder closely misses you.
Casting: Blink (safe; 7% risk of failure)
Confirm with . or Enter, or press ? or * to list all spells.
You don't have enough magic to cast that spell.
You closely miss the adder. The adder bites you. The hobgoblin misses you.
The adder bites you.
You miss the adder.
The adder is heavily wounded.
The adder closely misses you. The hobgoblin hits you with a +0 club.
* * * LOW HITPOINT WARNING * * *
The adder bites you.
You die...

......> . #... ..... . .. ##...
.... ... ...# ... ..#..### ...
...#.## ## #.#..## ..##
########### #.'...## ...
........).######S#....####'###
#########....ยง.S@#.....#.....#
#######g.##..g.#.....#..
#..###...'.!...'.. #..#
##..#..(..#.. #..# ##.#.....#
#..# #####+### #..+ #..#


You could see 2 adders and a hobgoblin.

Vanquished Creatures
  An adder (D:2)
  A dart slug (D:2)
  A bat (D:2)
  4 hobgoblins (D:2)
  A quokka (D:2)
  A ball python (D:2)
  3 kobolds (D:2)
  A rat (D:2)
13 creatures vanquished.

Notes
Turn   | Place    | Note
-------+----------+-------------------------------------------
     0 | D:1      | Esekla the Deep Elf Warper began the quest for the Orb.
     0 | D:1      | Reached XP level 1. HP: 12/12 MP: 6/6
    84 | D:2      | Reached XP level 2. HP: 9/16 MP: 8/8
    88 | D:2      | Learned a level 2 spell: Shroud of Golubria
    91 | D:2      | Learned a level 2 spell: Blink
   750 | D:2      | Slain by an adder

Illustrated notes

Levels and vault maps discovered:
D:1:      lightli_arrival_lavapool, layout_basic, hex_intersection
D:2:      layout_rooms, minmay_quadrilaterals

Skill      XL: |  1  2 |
---------------+-------+-----
Long Blades    | 2 |  2.3
Dodging        | 3 |  3.0
Fighting       | |  1.5
Short Blades   | |  0.3
Throwing       | |  1.0
Armour         | |  0.7
Spellcasting   | |  3.3
Charms         | |  0.8
Translocations | |  3.3

Action                   || total
-------------------------++-------
Melee: Falchion          ||     8
       Dagger            ||    62
Throw: Boomerang         ||     2
 Cast: Shroud of Golubri ||     8
       Blink             ||     4
Armor: Skin              ||     6
Dodge: Dodged            ||    56
       Rpst.: Falchion   ||     1
